 Dungeon Crawl Stone Soup version 0.30-a0-341-g682706514a (webtiles) character file.

Game seed: 7218414322390541201

158 Darkkill the Shooter (level 5, -1/46 HPs)
             Began as a Minotaur Hunter on Nov 2, 2022.
             Succumbed to a goblin's poison
             ... on level 4 of the Dungeon on Nov 3, 2022.
             The game lasted 00:04:31 (2193 turns).

Darkkill the Shooter (Minotaur Hunter)              Turns: 2193, Time: 00:04:32

Health: -1/46      AC:  3    Str: 18    XL:     5   Next: 16%
Magic:  4/4        EV: 12    Int:  6    God:
Gold:   157        SH:  0    Dex: 13    Spells: 4/4 levels left

rFire   . . .      SeeInvis .    a - +1 shortbow
rCold   . . .      Faith    .    (shield currently unavailable)
rNeg    . . .      Spirit   .    c - +0 leather armour
rPois   .          Reflect  .    (helmet restricted)
rElec   .          Harm     .    (no cloak)
rCorr   .          Rampage  .    (no gloves)
Will    .....                    (no boots)
Stlth   ++........               (no amulet)
HPRegen 0.27/turn                (no ring)
MPRegen 0.09/turn                (no ring)

@: lethally poisoned (-1 -> -11)
A: horns 2, retaliatory headbutt
a: no special abilities


You were on level 4 of the Dungeon.
You visited 1 branch of the dungeon, and saw 4 of its levels.

You collected 157 gold pieces.

Inventory:

Hand Weapons
 a - a +1 shortbow (weapon)
Missiles
 e - 28 stones
 i - 4 javelins
 p - 4 silver javelins
Armour
 c - a +0 leather armour (worn)
 n - a scarf of invisibility
Wands
 k - a wand of light (3)
Scrolls
 b - a scroll of immolation
 o - a scroll of blinking
 q - a scroll of amnesia
 s - a scroll of teleportation
Potions
 d - 2 potions of heal wounds
 f - a potion of might {unknown}
 g - 3 potions of flight
 j - a potion of curing {@q1}
 l - a potion of resistance
 m - a potion of berserk rage
 t - 2 potions of magic


   Skills:
 + Level 3.9 Fighting
 + Level 5.2 Ranged Weapons
 + Level 3.4 Dodging
 + Level 2.2 Stealth


You had 4 spell levels left.
You didn't know any spells.
Your spell library was empty.

Dungeon Overview and Level Annotations

Branches:
Dungeon (4/15)
 Temple: D:4-7

Altars:
Xom

Annotations:
D:4 Robin


Innate Abilities, Weirdness & Mutations

You have a pair of horns on your head.
You reflexively headbutt those who attack you in melee.


Message History

Flame seeps out of the goblin.
The goblin is severely wounded.
The goblin no longer looks unusually strong.
The goblin is engulfed in blazing flames.
The goblin explodes!
You hear a bark!
Fire: a) +1 shortbow
Press: ? - help, Q - select action, (/) - cycle Shift-Dir - straight line, f/p - goblin
Aim: a goblin, wielding a +0 dagger (55% to hit)
You shoot an arrow. The arrow closely misses the goblin.
Robin roars a battlecry!
The goblin goes into a battle-frenzy!
The goblin hits you with a +0 dagger.
A hound comes into view.
Fire: a) +1 shortbow
Press: ? - help, Q - select action, (/) - cycle Shift-Dir - straight line, f/p - goblin
Aim: a goblin, wielding a +0 dagger (strong, 55% to hit)
You shoot an arrow. The arrow hits the goblin.
The goblin is moderately wounded.
The goblin hits you but does no damage. The goblin hits you with a +0 dagger.
Fire: a) +1 shortbow
Press: ? - help, Q - select action, (/) - cycle Shift-Dir - straight line, f/p - goblin
Aim: a goblin, wielding a +0 dagger (moderately wounded, strong, 55% to hit)
You shoot an arrow. The arrow hits the goblin!
You kill the goblin!
Fire: a) +1 shortbow
Press: ? - help, Q - select action, (/) - cycle Shift-Dir - straight line, f - hound
Aim: a hound (51% to hit)
You shoot an arrow. The arrow closely misses the hound.
Fire: a) +1 shortbow
Press: ? - help, Q - select action, (/) - cycle Shift-Dir - straight line, f/p - hound
Aim: a hound (51% to hit)
You shoot an arrow. The arrow hits the hound!
The hound is heavily wounded.
The kobold throws a stone.
The stone closely misses you.
Fire: a) +1 shortbow
Press: ? - help, Q - select action, (/) - cycle Shift-Dir - straight line, f/p - hound
Aim: a hound (heavily wounded, 51% to hit)
You shoot an arrow. The arrow misses the hound.
Robin's inner flame fades away.
Robin throws the goblin at you!
Fire: a) +1 shortbow
Press: ? - help, Q - select action, (/) - cycle Shift-Dir - straight line, f/p - hound
Aim: a hound (heavily wounded, 51% to hit)
You shoot an arrow. The arrow barely misses the hound.
The goblin barely misses you.
Fire: a) +1 shortbow
Press: ? - help, Q - select action, (/) - cycle Shift-Dir - straight line, f/p - hound
Aim: a hound (heavily wounded, 51% to hit)
You shoot an arrow. The arrow misses the hound.
The goblin misses you.
Fire: a) +1 shortbow
Press: ? - help, Q - select action, (/) - cycle Shift-Dir - straight line, f/p - hound
Aim: a hound (heavily wounded, 51% to hit)
You shoot an arrow.
The arrow hits the hound but does no damage.
The hound is heavily wounded.
The goblin hits you with a +1 dagger of venom.
You are poisoned.
Fire: a) +1 shortbow
Press: ? - help, Q - select action, (/) - cycle Shift-Dir - straight line, f/p - hound
Aim: a hound (heavily wounded, 51% to hit)
You shoot an arrow. The arrow hits the hound!
You kill the hound!
You feel very sick. The goblin barely misses you.
The goblin hits you with a +1 dagger of venom.
You are more poisoned.
You have reached level 5!
Fire: a) +1 shortbow
Press: ? - help, Q - select action, (/) - cycle Shift-Dir - straight line, f - goblin
Aim: a goblin, wielding a +1 dagger of venom (strong, 55% to hit)
You shoot an arrow. The arrow hits the goblin.
The goblin is heavily wounded.
You feel very sick.
The kobold throws a stone.
The stone hits you but does no damage.
The goblin hits you with a +1 dagger of venom.
* * * LOW HITPOINT WARNING * * *
You are more poisoned.
Fire: a) +1 shortbow
Press: ? - help, Q - select action, (/) - cycle Shift-Dir - straight line, f/p - goblin
Aim: a goblin, wielding a +1 dagger of venom (heavily wounded, strong, 55% to hit)
You shoot an arrow. The arrow hits the goblin.
You kill the goblin!
* * * LOW HITPOINT WARNING * * *
You feel very sick.
The kobold throws a stone.
The stone hits you.
* * * LOW HITPOINT WARNING * * *
Fire: a) +1 shortbow
Press: ? - help, Q - select action, (/) - cycle Shift-Dir - straight line, f - Robin
Aim: Robin, wielding a +0 mace, wearing a +0 animal skin, wearing a +0 helmet and carrying a wand of light (3) (69% to hit)
You shoot an arrow.
The arrow hits Robin but does no damage.
* * * LOW HITPOINT WARNING * * *
You feel very sick.
Fire: a) +1 shortbow
Press: ? - help, Q - select action, (/) - cycle Shift-Dir - straight line, f/p - Robin
Aim: Robin, wielding a +0 mace, wearing a +0 animal skin, wearing a +0 helmet and carrying a wand of light (3) (69% to hit)
You shoot an arrow. The arrow hits Robin!
Robin is heavily wounded.
You die...

.... .))
.)K #)#
#g#
#.######)#
#..$....)#
#.@#
######).#
#......<#
#......##
#......#
#......#
#......#
#......#
######)#


You could see Robin and a kobold.

Vanquished Creatures
  A hound (D:4)
  An iguana (D:4)
  An adder (D:2)
  2 worms (D:2)
  2 dart slugs
  2 orcs
  8 ball pythons
  4 endoplasms
  2 giant cockroaches
  15 goblins
  10 hobgoblins
  3 jackals (D:3)
  8 kobolds
  4 quokkas
  3 bats
  2 frilled lizards
  8 rats
76 creatures vanquished.

Notes
Turn   | Place    | Note
-------+----------+-------------------------------------------
     0 | D:1      | Darkkill the Minotaur Hunter began the quest for the Orb.
     0 | D:1      | Reached XP level 1. HP: 18/18 MP: 0/0
   129 | D:1      | Reached skill level 1 in Stealth
   260 | D:1      | Reached XP level 2. HP: 25/25 MP: 1/1
   960 | D:2      | Reached XP level 3. HP: 31/31 MP: 2/2
  1236 | D:2      | Found a shimmering altar of Xom.
  1744 | D:3      | Reached XP level 4. HP: 38/38 MP: 3/3
  2163 | D:4      | Noticed Robin
  2173 | D:4      | Reached skill level 5 in Ranged Weapons
  2190 | D:4      | Reached XP level 5. HP: 23/46 MP: 4/4
  2191 | D:4      | HP: 8/46 [poisoned by a goblin]
  2192 | D:4      | HP: 2/46 [poisoned by a goblin]
  2193 | D:4      | Succumbed to a goblin's poison

Illustrated notes

Levels and vault maps discovered:
D:1:      grunt_arrival_lava_bath, layout_loops_corners, minmay_strange_pillars,
          minmay_tetromino_l2
D:2:      layout_rooms, basic_altar, grunt_decor_fettered, minivault_11
D:3:      layout_basic, minmay_large_rounded_square
D:4:      layout_basic, grunt_ashenzari_visionary
          [grunt_ashenzari_visionary_swamp, grunt_ashenzari_visionary_snake],
          minmay_misc_feat_diagonals, minmay_joined_circles, uniq_robin

Skill      XL: |  1  2  3  4 |
---------------+-------------+-----
Stealth        | 1 2 |  2.2
Fighting       | 3 |  3.9
Dodging        | 3 |  3.4
Ranged Weapons | 5 |  5.2

Action                   |  1- 3 |  4- 6 || total
-------------------------+-------+-------++-------
 Fire: Shortbow          |   128 |    73 ||   201
  Use: Scroll            |     8 |     7 ||    15
Armor: Leather armour    |    12 |     5 ||    17
Dodge: Dodged            |    37 |    17 ||    54

Table legend: (Time is in decaauts)
 A = Elapsed time spent in this place.
 B = Non-inter-level travel time spent in this place.
 C = Inter-level travel time spent in this place.
 D = Time resting spent in this place.
 E = Time spent auto-exploring this place.
 F = Levels seen in this place.
 G = Mean time per level.
                   A        B        C        D        E       F      G
               +--------+--------+--------+--------+--------+-----+--------+
         Total |   2250 |   2160 |     90 |      0 |   1681 |   4 |  562.5 |
       Dungeon |   2250 |   2160 |     90 |      0 |   1681 |   4 |  562.5 |
               +--------+--------+--------+--------+--------+-----+--------+

Top non-repeatable levels by time:
     D:1: 938 daAuts
     D:2: 704 daAuts
     D:3: 561 daAuts
     D:4: 47 daAuts

Table legend:
 A = Kills in this place as a percentage of kills in entire the game.
 B = Kills by you in this place as a percentage of kills by you in the entire game.
 C = Kills by friends in this place as a percentage of kills by friends in the entire game.
 D = Other kills in this place as a percentage of other kills in the entire game.
 E = Experience gained in this place as a percentage of experience gained in the entire game.
 F = Experience gained in this place divided by the number of levels of this place that you have seen.
                   A       B       C       D       E      F
               +-------+-------+-------+-------+-------+----------------------
         Total | 100.0 | 100.0 |   N/A |   N/A | 100.0 |  56.8
       Dungeon | 100.0 | 100.0 |   N/A |   N/A | 100.0 |  56.8
               +-------+-------+-------+-------+-------+----------------------
